[Event "CEZ Chess Trophy 2022"]
[Site "Prague"]
[Date "2022.05.31"]
[Round "1.1"]
[White "Navara, David"]
[Black "Narayanan.S.L"]
[Result "1-0"]
[ECO "C54"]
[WhiteElo "2682"]
[BlackElo "2662"]
[Annotator "TA"]
[PlyCount "61"]
[EventDate "2022.05.31"]
[EventType "match"]
[EventCountry "CZE"]
[SourceTitle "playchess.com"]
[Source "ChessBase"]
[SourceQuality "1"]
[TimeControl "900+10"]

1. e4 e5 2. Nf3 Nc6 3. Bc4 Bc5 4. O-O Nf6 5. d3 O-O 6. c3 d5 7. exd5 Nxd5 8. a4 {[%emt 0:00:37] C54: Giuoco Piano: 4 c3 Nf6, main lines with 5 d4 and 5 d3.} (8. Re1 $5 ) 8... a5 9. Re1 Bg4 10. h3 {[%emt 0:02:24] The position is equal.} Bh5 11. Nbd2 Nb6 12. Bb5 Bd6 13. Ne4 $36 {[%emt 0:00:16][%mdl 2048] White has good play.} f5 14. Ng3 Bxf3 15. Qxf3 Qd7 {[%emt 0:00:33] [#]} (15... Ne7 $11) 16. b3 $146 (16. Nf1 $14) ({Predecessor:} 16. Bd2 Rae8 17. Rad1 Kh8 18. Nf1 e4 19. dxe4 fxe4 20. Qe2 Qf7 21. Be3 Bf4 22. Bxb6 cxb6 {0-1 (39) Rangel,D (2207)-Prraneeth,V (2417) Chess.com INT 2022}) 16... Rae8 (16... Qe6 $11) 17. b4 (17. Bd2 $14) 17... e4 (17... axb4 $11 {remains equal.} 18. a5 e4 19. dxe4 f4) 18. dxe4 $16 fxe4 19. Qg4 Qf7 (19... Qxg4 $14 20. hxg4 Be5) 20. Be3 $18 Nd5 21. Nxe4 axb4 22. Bc4 ({Better is} 22. Nxd6 $16 cxd6 23. Bxc6 bxc6 24. cxb4) 22... Kh8 $2 {[%emt 0:00:48] A mistake that costs the game.} ({Less strong is} 22... bxc3 23. Nxd6 cxd6 24. Bd4 $18) (22... Ne5 $1 $11 23. Nxd6 cxd6 24. Bxd5 Qxd5) 23. Ng5 {[%emt 0:00:26] Dancing on a razor blade.} Qf5 {[%emt 0:00:09] [#]} (23... Qg8 {keeps fighting.}) 24. Qxf5 $1 Rxf5 25. g4 Rfe5 (25... Rxg5 26. Bxg5 Nde7 27. Bxe7 Nxe7 28. cxb4 Rf8) 26. Nf7+ {[%emt 0:00:04] White is clearly winning.} Kg8 27. Nxe5 Rxe5 28. f4 Rxe3 29. Bxd5+ Kf8 30. Rxe3 Bc5 31. Kf2 {[%emt 0:00:25] Weighted Error Value: White=0.16 (very precise) /Black=0.48} 1-0

[Event "CEZ Chess Trophy 2022"]
[Site "Prague"]
[Date "2022.05.31"]
[Round "2.1"]
[White "Narayanan.S.L"]
[Black "Navara, David"]
[Result "1-0"]
[ECO "D85"]
[WhiteElo "2662"]
[BlackElo "2682"]
[Annotator "TA"]
[PlyCount "69"]
[EventDate "2022.05.31"]
[EventType "match"]
[EventCountry "CZE"]
[SourceTitle "playchess.com"]
[Source "ChessBase"]
[SourceQuality "1"]
[TimeControl "900+10"]

1. d4 Nf6 2. c4 g6 3. Nc3 d5 4. cxd5 Nxd5 5. e4 Nxc3 6. bxc3 Bg7 7. Qa4+ {[%emt 0:00:00] 7.Nf3 is becoming the main line.} Nd7 8. Nf3 {[%emt 0:00:01][%cal Bg1f3,Bf3d2,Bd2c4][%mdl 32] D85: Exchange Grünfeld: Unusual White 7th moves and lines with 7 Nf3.} c5 9. Qa3 $5 {[%emt 0:00:24][%mdl 4] An interesting side line.} O-O 10. h4 $5 {[%emt 0:00:02][%mdl 4] White has an edge. An interesting side line.} e5 11. Bg5 {[%emt 0:00:15] [#]} (11. dxc5 Nf6) 11... Qc7 $146 ({Predecessor:} 11... Qe8 12. dxc5 h6 13. Be3 Nf6 14. h5 Nxh5 15. Bc4 Nf4 16. O-O-O Be6 17. Qb3 Rc8 {½-½ (68) Bernadskiy,V (2611)-Ivic,V (2603) Vrnjacka Banja 2021}) 12. d5 Nf6 (12... h6 $5 13. Be3 f5 $11) 13. Nd2 b6 14. Bb5 (14. Bxf6 $5 Bxf6 15. Rb1 $11) 14... Bd7 (14... Nh5 $11 {deserves consideration.}) 15. Bxf6 $14 Bxf6 16. Qa4 Bg4 17. Bc6 Rab8 18. Nc4 Be7 (18... h5 $11 {keeps the balance.}) 19. f3 $16 Bc8 20. Rd1 {[%emt 0:00:14] Strongly threatening d6.} Qd8 (20... a6 $11 {remains equal.}) 21. Qxa7 Bxh4+ 22. Kf1 (22. Ke2 $16) 22... Qg5 $1 $14 23. Kg1 $36 {[%emt 0:03:28][%mdl 2048] White has some pressure.} (23. Qxb8 $2 Ba6 24. Qxf8+ (24. Qxb6 Qe3 25. g3 Qxf3+ 26. Ke1 Bxc4 27. Kd2 Qg2+ 28. Kc1 Bg5+) 24... Kxf8 $19) (23. Bb5 $5 Qg3 24. Rxh4 Qxh4 25. Qxb8 Qh1+ 26. Ke2 Qxg2+ 27. Ke3 $16) 23... b5 $2 {[%emt 0:00:38][%mdl 8192] Loses the game.} 24. Qxb8 Bh3 {[%emt 0:00:17][%csl Gh3][%cal Rg5g2] [#]} 25. Qxf8+ $3 Kxf8 26. Rxh3 {[%emt 0:00:02] Active counter play!} bxc4 {[%emt 0:00:03] [#]} 27. Rxh4 $1 Qxh4 $18 {[%emt 0:00:27][%mdl 4096] Endgame KQ-KRB} 28. d6 h5 29. d7 Qd8 30. a4 {[%emt 0:00:06][%cal Ba2a4,Ba4a5,Ba5a6][%mdl 32] aiming for a5!} h4 31. a5 {[%emt 0:00:11] White mates.} Kg7 32. a6 h3 33. g3 ({Weaker is} 33. a7 Qg5 34. Kf2 (34. g4 Qe3+ 35. Kh2 Qf4+ 36. Kxh3 Qxf3+ 37. Kh2 Qf2+ 38. Kh3 Qf3+ 39. Kh2 Qf2+ 40. Kh3 Qf3+ $11) 34... Qxg2+ 35. Ke3 Qg5+ 36. Kf2 (36. Ke2 Qg2+ 37. Ke3 Qg5+ 38. Kf2 Qg2+ 39. Ke3 $11) 36... Qg2+ 37. Ke3 Qg5+ 38. Kf2 (38. Ke2 Qg2+ 39. Ke3 $11) 38... Qg2+ $11) 33... Qg5 34. Kh2 ({Not} 34. d8=Q $2 Qxg3+ 35. Kf1 Qg2+ 36. Ke1 h2 $19) 34... Qe3 35. d8=Q {[%emt 0:00:10] Weighted Error Value: White=0.12 (very precise) /Black=0.68} 1-0

[Event "CEZ Chess Trophy 2022"]
[Site "Prague"]
[Date "2022.05.31"]
[Round "3.1"]
[White "Navara, David"]
[Black "Narayanan.S.L"]
[Result "1/2-1/2"]
[ECO "C54"]
[WhiteElo "2682"]
[BlackElo "2662"]
[Annotator "TA"]
[PlyCount "211"]
[EventDate "2022.05.31"]
[EventType "match"]
[EventCountry "CZE"]
[SourceTitle "playchess.com"]
[Source "ChessBase"]
[SourceQuality "1"]
[TimeControl "900+10"]

1. e4 e5 2. Nf3 Nc6 3. Bc4 Bc5 4. c3 Nf6 5. d3 O-O 6. Bg5 h6 {[%emt 0:00:02] C54: Giuoco Piano: 4 c3 Nf6, main lines with 5 d4 and 5 d3.} 7. Bh4 Be7 8. Bg3 d6 9. a4 {[%emt 0:01:33] 9.a4 is the recent fashion.} Kh8 10. a5 a6 11. Nbd2 {[%emt 0:00:13] [#]} Ng8 $146 ({Predecessor:} 11... Nh7 12. Qb3 f5 13. exf5 Rxf5 14. Nf1 e4 15. dxe4 Rxa5 16. Rd1 Bf6 17. Ne3 Qe8 18. O-O Rc5 19. Qa2 Qxe4 20. Rfe1 Bd7 21. b4 Rh5 22. Bd5 {1-0 (22) Sadhwani,R (2628)-De Wachter,M (2295) Reykjavik 2022}) 12. d4 f5 {[%emt 0:00:15] [#] Hoping for ...fxe4.} 13. d5 (13. dxe5 $2 f4 14. exd6 cxd6 15. Bxg8 Kxg8 $17) 13... Nb8 {[%emt 0:00:09] aiming for ...f4.} 14. exf5 Bxf5 15. Qe2 Nf6 16. Bd3 ({Of course not} 16. Nh4 Bh7 17. O-O e4 $15) 16... Bxd3 ({Resist} 16... Nxd5 17. Bxf5 Rxf5 18. Qe4 Rxf3 19. Nxf3 $16 (19. Qxf3 Qg8 $16)) 17. Qxd3 Nbd7 18. Nh4 Rf7 19. Ng6+ Kg8 20. O-O Nf8 21. Nxf8 Rxf8 22. c4 Qd7 23. b4 Kh8 24. f3 c6 25. Ne4 Rac8 26. Rad1 (26. dxc6 {with more complications.} Qxc6 27. Nd2 Nh5 28. b5) 26... cxd5 {[%emt 0:00:34] The position is equal.} 27. Nxf6 Bxf6 28. Qxd5 {[%emt 0:00:11] Black must now prevent c5.} Qc6 {[%emt 0:00:09] Inhibits c5.} 29. b5 Qxc4 30. Qxc4 Rxc4 31. bxa6 bxa6 32. Rxd6 Ra4 33. Rxa6 Rc8 34. h4 Rc5 35. Ra8+ Kh7 36. a6 Rca5 37. h5 Rxa6 38. Rxa6 Rxa6 $11 {[%emt 0:00:02][%mdl 4096] Endgame KRB-KRB} 39. Re1 Ra5 40. Re4 Kg8 41. Kh2 Kf7 42. Kh3 Rd5 43. Bf2 g6 44. g4 Bg5 45. Bg3 gxh5 46. gxh5 Ke6 47. Kg4 Rd4 48. Bh2 Rxe4+ 49. fxe4 {[%emt 0:00:02] KB-KB} Be3 50. Bg3 Bg5 51. Be1 Kf6 52. Ba5 Bc1 53. Bd8+ Ke6 54. Kf3 Bg5 55. Bc7 Be7 56. Ba5 Bg5 57. Ke2 Bf4 58. Kd3 Kd6 59. Kc4 Kc6 60. Bc3 Bg3 61. Bb4 Bf4 62. Bc5 Bg5 63. Bf8 Bc1 64. Be7 Bf4 65. Bf6 Bg3 66. Kb4 Be1+ 67. Kb3 Bg3 $1 68. Bg7 Bf4 69. Kc4 Kd6 70. Kb5 Be3 71. Bf8+ Ke6 72. Kc6 Bd2 73. Bd6 Bc3 74. Bf8 Bd2 75. Bg7 Bf4 76. Kc7 Ke7 (76... Kf7 $5 77. Bh8 Ke7 $11) 77. Kc6 Ke6 78. Bf8 Bd2 79. Bd6 Bc3 80. Bc7 Bd4 81. Ba5 Be3 {[%emt 0:00:07] Inhibits Bd2.} 82. Kc7 Bf4 83. Kc8 Bg5 84. Bb4 Bf4 85. Kd8 Kf6 {[%emt 0:00:11] [#] And now ...Kg5 would win.} 86. Be7+ Kf7 87. Kd7 Bg5 88. Bb4 Be3 89. Kd6 Kf6 90. Ba5 {[%emt 0:00:10] Threatens to win with Bd8+.} Bf4 91. Bd8+ Kf7 92. Kd5 Bg3 93. Bb6 Bf4 94. Bf2 Kf6 95. Bh4+ Bg5 96. Bg3 Bf4 97. Bxf4 exf4 {[%emt 0:00:02] KPP-KPP} 98. e5+ Kg5 $1 99. e6 {[%emt 0:00:16] e7 is the strong threat.} f3 $1 100. e7 f2 101. e8=Q f1=Q {[%emt 0:00:02] Inhibits Qf7.} 102. Qg6+ Kh4 103. Qxh6 Qf5+ 104. Kd4 Qxh5 105. Qxh5+ Kxh5 106. Ke4 {[%emt 0:00:13] Weighted Error Value: White=0.04 (flawless) /Black=0.04 (flawless)} 1/2-1/2

[Event "CEZ Chess Trophy 2022"]
[Site "Prague"]
[Date "2022.06.01"]
[Round "4.1"]
[White "Narayanan.S.L"]
[Black "Navara, David"]
[Result "1-0"]
[ECO "D11"]
[WhiteElo "2662"]
[BlackElo "2682"]
[Annotator "TA"]
[PlyCount "81"]
[EventDate "2022.05.31"]
[EventType "match"]
[EventCountry "CZE"]
[SourceTitle "playchess.com"]
[Source "ChessBase"]
[SourceQuality "1"]
[TimeControl "900+10"]

1. Nf3 d5 2. d4 Nf6 3. c4 c6 4. Nbd2 Bf5 5. Nh4 Be6 6. e3 {[%emt 0:00:01] D11: Slav Defence: 3 Nf3 sidelines and 3...Nf6 4 e3 Bg4.} g5 7. Nhf3 g4 8. Nh4 $5 {[%emt 0:00:53][%mdl 4] [#] The position is equal. Leaves trodden paths.} Bg7 $146 ({Predecessor:} 8... h5 9. Qc2 Bh6 10. Nf5 Bxf5 11. Qxf5 e6 12. Qc2 Nbd7 13. b3 Qc7 14. Be2 O-O-O {½-½ (32) Antoniewski,R (2493)-Paszewski,M (2282) Szklarska Poreba 2021}) 9. Qc2 c5 10. cxd5 Qxd5 11. Bc4 Qh5 12. Bxe6 fxe6 13. g3 cxd4 14. exd4 Nc6 15. Nb3 Qb5 16. Qe2 Qxe2+ 17. Kxe2 Nd5 18. Be3 O-O 19. Rac1 e5 20. dxe5 Bxe5 21. Rhd1 Nxe3 22. fxe3 Bxb2 23. Rc4 Ne5 24. Rc7 (24. Re4 $5 ) 24... Ba3 25. Rxb7 a5 26. Rd5 Nf3 (26... Bd6 $11 {is more appropriate.}) 27. Nf5 $14 (27. Nxa5 Rac8 $11) (27. Rxa5 Nxh4 28. gxh4 Bd6 $11) 27... Nxh2 ({Black should try} 27... a4) 28. Nc5 {[%emt 0:00:44] Active counter play!} (28. Nxe7+ $16 Bxe7 29. Rxe7) 28... Bxc5 (28... Nf3 $14) 29. Rxc5 $18 Nf1 {[%emt 0:00:15][%cal Of8f5] [#] Threatens to win with ...Rxf5!} 30. e4 ({But not} 30. Kxf1 $6 e6 $14) (30. Nxe7+ Kh8 $15) 30... e6 $2 (30... Rxf5 31. exf5 Nxg3+ 32. Ke3 Kf7) 31. Nh6+ ({Stronger than} 31. Kxf1 exf5 32. Rcc7 (32. Rxf5 a4 $15) (32. exf5 Rad8 $11) 32... fxe4+ 33. Ke1 Rf3 $11) 31... Kh8 32. Nf7+ Rxf7 33. Rxf7 Nxg3+ {[%emt 0:00:03][%mdl 4096] Endgame KRR-KRN} 34. Ke3 {[%emt 0:00:02] [#] Black must now prevent Rcc7.} Rg8 35. Rcc7 Rg6 36. Rxh7+ Kg8 37. Rhd7 Nf1+ 38. Ke2 {[%emt 0:00:09][%cal Rd7d8] White mates.} Ng3+ 39. Kf2 Nxe4+ 40. Ke3 Kh8 41. Rd8+ $2 {[%emt 0:00:03] Weighted Error Value: White=0.07 (flawless) /Black=0.34} (41. Kxe4 {mates} g3 42. Kf3 a4 43. Ra7 g2 44. Rd8+ Rg8 45. Rxg8+ Kxg8 46. Kxg2) 1-0

[Event "CEZ Chess Trophy 2022"]
[Site "Prague"]
[Date "2022.06.01"]
[Round "5.1"]
[White "Navara, David"]
[Black "Narayanan.S.L"]
[Result "1/2-1/2"]
[ECO "D38"]
[WhiteElo "2682"]
[BlackElo "2662"]
[Annotator "TA"]
[PlyCount "91"]
[EventDate "2022.05.31"]
[EventType "match"]
[EventCountry "CZE"]
[SourceTitle "playchess.com"]
[Source "ChessBase"]
[SourceQuality "1"]
[TimeControl "900+10"]

1. d4 Nf6 2. c4 e6 3. Nf3 d5 4. Nc3 Bb4 5. cxd5 exd5 6. Bf4 {[%emt 0:00:02] D38: Queen's Gambit Declined: Ragozin Defence (4 Nf3 Bb4).} O-O 7. e3 Bf5 8. Qb3 Nc6 9. Nh4 Be6 10. Bd3 Ne4 11. Nf3 Bf5 {[%emt 0:00:02] [#]} 12. Rd1 $146 ({Predecessor:} 12. Qc2 Re8 13. O-O Bg6 14. Ne2 Bd6 15. a3 a5 16. Rfc1 Bh5 17. Bg3 Nxg3 18. hxg3 {½-½ (36) Nakamura,H (2736)-Aronian,L (2781) chess24.com INT 2020}) 12... Bxc3+ 13. bxc3 Na5 {[%emt 0:00:02] Pair of Knights!} 14. Qb4 c6 15. a4 a6 16. Ra1 b5 (16... Nxf2 17. Bxf5 Nxh1 18. Ke2 $16) 17. axb5 axb5 18. O-O Nc4 19. Ne5 Nxe5 20. Bxe5 Qd7 21. Bxe4 Bxe4 22. f3 Bd3 23. Rfd1 Bc2 24. Rdc1 {[%emt 0:00:09] [#] Threatens to win with Rxa8.} Rxa1 25. Rxa1 Ba4 26. Qd6 Qxd6 27. Bxd6 $11 {[%emt 0:00:02][%mdl 4096] Endgame KRB-KRB} Re8 28. Kf2 f6 29. g4 Kf7 30. h4 h5 31. g5 Rd8 32. Bf4 Rc8 33. e4 dxe4 34. fxe4 Re8 35. Ke3 Bc2 36. Ra7+ Re7 37. g6+ Ke8 38. Ra8+ Kd7 39. Ra7+ Ke8 40. Ra2 (40. Rxe7+ $11 Kxe7 41. Bc7) 40... Rxe4+ $17 41. Kf3 {[%emt 0:00:01] [#]} Bd3 (41... Bb1 $1 $17 {aiming for ...Rxf4+.} 42. Ra1 (42. Ra8+ Kd7 $17) 42... Bd3) 42. Rd2 $1 $11 {[%emt 0:00:18] The position is equal.} ({Much weaker is} 42. Ra8+ Kd7 43. Bh6 (43. Ra7+ Ke6 $17) 43... Rg4 44. Bxg7 Rxg6 $17) 42... Bb1 43. Rd1 $1 Bc2 44. Rd2 Bb1 45. Rd1 {[%emt 0:00:11] Inhibits Re1.} Bc2 {[%emt 0:00:02] Hoping for ...Rxf4+.} 46. Rd2 {[%emt 0:00:02] Weighted Error Value: White=0.08 (flawless) /Black=0.05 (flawless)} 1/2-1/2

[Event "CEZ Chess Trophy 2022"]
[Site "Prague"]
[Date "2022.06.01"]
[Round "6.1"]
[White "Narayanan.S.L"]
[Black "Navara, David"]
[Result "1-0"]
[ECO "E52"]
[WhiteElo "2662"]
[BlackElo "2682"]
[Annotator "TA"]
[PlyCount "53"]
[EventDate "2022.05.31"]
[EventType "match"]
[EventCountry "CZE"]
[SourceTitle "playchess.com"]
[Source "ChessBase"]
[SourceQuality "1"]
[TimeControl "900+10"]

1. Nf3 d5 2. d4 Nf6 3. c4 e6 4. Nc3 Bb4 5. e3 O-O 6. Bd2 b6 7. cxd5 exd5 8. Bd3 Bd6 9. O-O Bb7 10. Ne5 {[%emt 0:00:43] E52: Nimzo-Indian: Rubinstein: 4...0-0 5 Nf3 d5 6 Bd3 b6.} c5 11. f4 Nc6 12. Ne2 {[%emt 0:00:17] The position is equal.} Ne4 13. Ng3 Ne7 14. Bc3 Nxc3 15. bxc3 {[%emt 0:00:02] [#]} c4 $146 ({Predecessor:} 15... Qc8 16. Rc1 c4 17. Bc2 f5 18. a4 Bc6 19. Rb1 Bd7 20. Qf3 Be6 21. Ne2 Rb8 {0-1 (38) Maletin,P (2588)-Riazantsev,A (2692) Vladivostok 2014}) 16. Bc2 g6 {[%emt 0:00:36] Prevents Qh5.} 17. f5 Nc6 (17... f6 $2 18. fxg6 $1 Bxe5 19. g7 Kxg7 20. Qh5 $18) (17... Bxe5 $11 {keeps the balance.} 18. dxe5 Qc7) 18. Nxc6 $1 $16 {[%emt 0:00:34] White is more active.} ({But not} 18. fxg6 $6 fxg6 19. Rxf8+ Bxf8 20. Nxc6 Bxc6 $15) 18... Bxc6 {[%emt 0:00:02] [#]} 19. Qg4 {[%emt 0:00:04][%cal Rf5g6] Inhibits Qh4.} Kh8 20. f6 Qd7 (20... Rg8 $16) 21. Qg5 ({White should try} 21. Qh4 $18) 21... Rg8 22. Rf3 {[%emt 0:00:24][%cal Og3f5] Black must now prevent Nf5!} Rae8 $2 {[%emt 0:01:06][%mdl 8192] [#]} (22... Bf8 $16 {is a better chance.}) 23. Raf1 $2 (23. Nf5 $1 $18 {[%cal Of3h3][%mdl 512] is more deadly. White threatens Rh3! and mate.} Bxh2+ 24. Kh1 (24. Kxh2 gxf5 25. Qh5 Qd6+ 26. Kg1 Qxf6 $16) 24... gxf5 25. Qh5) 23... Re6 $2 {[%emt 0:00:21] This move loses the game for Black.} (23... Bf8 $16) 24. Ne2 $18 {[%emt 0:00:26] Threatens to win with Rh3.} Qe8 25. Rh3 {[%emt 0:00:07][%cal Oh3h7] White wants to mate with Rxh7+!} Bf8 26. Qh4 h6 {[%emt 0:00:14] [#]} 27. Qxh6+ $3 {[%emt 0:00:02][%mdl 512] Weighted Error Value: White=0.23 (precise) /Black=1.02} 1-0

[Event "CEZ Chess Trophy 2022"]
[Site "Prague"]
[Date "2022.06.02"]
[Round "7.1"]
[White "Navara, David"]
[Black "Narayanan.S.L"]
[Result "1-0"]
[ECO "C50"]
[WhiteElo "2682"]
[BlackElo "2662"]
[Annotator "TA"]
[PlyCount "85"]
[EventDate "2022.05.31"]
[EventType "match"]
[EventCountry "CZE"]
[SourceTitle "playchess.com"]
[Source "ChessBase"]
[SourceQuality "1"]
[TimeControl "900+10"]

1. e4 e5 2. Nf3 Nc6 3. Bc4 Bc5 4. O-O Nf6 5. d3 O-O 6. Re1 {[%emt 0:00:01] C50: Hungarian Defence and Giuoco Pianissimo.} Ng4 {[%emt 0:00:49] outshines the older 6...d6.} 7. Re2 Kh8 8. h3 {[%emt 0:00:31] The position is equal.} f5 {[%emt 0:00:02][%cal Of5e4] And now ...fxe4! would win.} 9. Bg5 (9. hxg4 fxg4 10. Ng5 Qf6 $17) 9... Nf6 10. Nc3 d6 11. Nd5 fxe4 12. dxe4 Be6 13. Nxf6 (13. Bxf6 {seems wilder.} Rxf6 14. Nxf6 Bxc4 15. Nd5) 13... gxf6 14. Bxe6 fxg5 {[%emt 0:00:02] [#]} 15. Bf5 $5 $146 {[%emt 0:00:02][%mdl 8] An interesting novelty.} ({Predecessor:} 15. Bg4 Qf6 16. c3 Qg6 17. b4 Bb6 18. Bf5 Qg7 19. Qd2 Ne7 20. Bg4 h6 21. g3 {0-1 (43) So,W (2772)-Nihal,S (2650) Chess.com INT 2021}) 15... Qf6 16. Qd2 Rg8 17. g4 Ne7 18. Kg2 Raf8 19. Rh1 Ng6 (19... Nxf5 20. exf5 Ra8 21. a4 $16) 20. Ree1 Nf4+ 21. Kg3 h5 22. h4 gxh4+ (22... d5 $11 23. hxg5 Rxg5 24. Nxg5 Qxg5) 23. Rxh4 $16 Kg7 24. Reh1 {[%emt 0:01:07] Black must now prevent b4.} Rh8 25. g5 Qf7 (25... Qe7 $16) 26. b4 {[%emt 0:00:08] The board is on fire.} Bb6 27. a4 $36 {[%emt 0:00:15][%cal Ba2a4,Ba4a5][%mdl 2080] a5 is the strong threat. Black is under strong pressure.} a6 28. a5 (28. Rxf4 $6 exf4+ 29. Kg2 Qc4 $16) 28... Ba7 29. Rxf4 exf4+ {[%emt 0:00:01] [#]} 30. Kg2 $1 (30. Qxf4 $6 Qc4 $16) 30... Qc4 {[%emt 0:00:05][%cal Oh5h4] Against Qc3+} 31. Rh4 Re8 $2 {[%emt 0:02:34] Loses the game.} (31... Rf7 $16 32. Kg1 (32. Rxf4 h4 $16) 32... Re8) 32. Rxf4 $18 {[%emt 0:00:20][%cal Oe4e5] Hoping for e5!} Rhf8 {[%emt 0:00:01] [#]} 33. Nh4 $1 ({Less strong is} 33. Rh4 d5 34. e5 (34. Rxh5 $2 Rxf5 35. Nd4 Bxd4 $19) 34... Qb5 $14) 33... Bd4 (33... Kg8 $2 34. Qd1 Qd4 35. Qxh5) 34. Qd1 Rh8 35. Bd7 Be5 $2 (35... Ref8 36. Rxf8 Rxf8) 36. Nf5+ Kg6 37. Bxe8+ {[%emt 0:00:32] White mates.} Rxe8 38. Nh4+ Kg7 39. Qxh5 Bxf4 40. Nf5+ Kf8 41. Qh8+ Kf7 42. Qf6+ Kg8 43. Qg7# {[%emt 0:00:01] Weighted Error Value: White=0.06 (flawless) /Black=0.45} 1-0

[Event "CEZ Chess Trophy 2022"]
[Site "Prague"]
[Date "2022.06.02"]
[Round "8.1"]
[White "Narayanan.S.L"]
[Black "Navara, David"]
[Result "0-1"]
[ECO "D38"]
[WhiteElo "2662"]
[BlackElo "2682"]
[Annotator "TA"]
[PlyCount "146"]
[EventDate "2022.05.31"]
[EventType "match"]
[EventCountry "CZE"]
[SourceTitle "playchess.com"]
[Source "ChessBase"]
[SourceQuality "1"]
[TimeControl "900+10"]

1. Nf3 d5 2. d4 Nf6 3. c4 e6 4. Nc3 Bb4 5. Qa4+ Nc6 6. e3 O-O 7. Qc2 {[%emt 0:00:01] D38: Queen's Gambit Declined: Ragozin Defence (4 Nf3 Bb4).} Re8 8. Bd2 Bf8 {[%emt 0:00:20] The main line 8...Bf8 scores better than 8...a6.} 9. Be2 {[%emt 0:00:02] The position is equal.} Nb4 10. Qb1 c5 11. dxc5 dxc4 12. Bxc4 {[%emt 0:00:11] [#]} Qc7 $146 ({Predecessor:} 12... Bxc5 13. O-O b6 14. a3 Nc6 15. Ne4 Nxe4 16. Qxe4 Bb7 17. Bc3 Bf8 18. Rfd1 Qe7 {½-½ (37) Gukesh,D (2614)-Narayanan,S (2553) Dhaka 2022}) 13. O-O Qxc5 14. Bb5 Bd7 15. Bxd7 Nxd7 16. Ne4 Qf5 17. Nd4 Qg6 18. Nb5 Red8 19. a3 {[%emt 0:03:58] [#]} Nd3 20. Qxd3 {[%emt 0:01:22] aiming for Qb1.} Nc5 21. Qe2 {[%emt 0:00:29] Nxc5 is the strong threat.} Nxe4 22. Rfd1 a6 23. Nc3 Nxd2 24. Rxd2 h5 25. h3 b5 26. Rad1 Rxd2 27. Qxd2 b4 28. axb4 Bxb4 29. Qd4 a5 30. Ne4 h4 31. Rc1 Be7 32. Qa4 Rb8 33. b3 Bb4 34. Qc6 Rd8 35. Qc7 Rf8 36. Qf4 Qh5 37. Ng5 Be7 38. Nf3 Qb5 39. Nd4 ({Much weaker is} 39. Nxh4 Qxb3 40. g3 a4 $17) 39... Qd5 40. Nc6 Bg5 41. Qc4 Qd2 42. Qc2 Qxc2 (42... Bxe3 $2 43. fxe3 Qxe3+ 44. Kh1 $18) 43. Rxc2 $14 {[%emt 0:02:13][%mdl 4096] Endgame KRB-KRN} Ra8 $1 44. Rc5 Bd8 45. Kf1 Bb6 46. Rb5 Bc7 47. Rb7 Bd6 48. Ra7 (48. Rd7 $5 Bc5 49. Nd8 $14) 48... Rc8 (48... Rxa7 $11 49. Nxa7 Kf8) 49. Nxa5 ({White should play} 49. Ra6 $1 $14) 49... Rc1+ $11 50. Ke2 Rc2+ 51. Kf3 Bb4 {[%emt 0:00:18] With the idea ...Be1.} 52. g3 Be1 53. gxh4 Rxf2+ 54. Ke4 Rb2 55. Nc4 Rxb3 56. h5 Rb4 57. Rc7 Bg3 58. Rc8+ Kh7 59. Kf3 Bh2 60. h4 Rb5 61. Kg2 Bb8 62. Rf8 Rc5 63. Nb6 Ba7 64. Nc8 (64. Nd7 $11 {keeps the balance.} Rxh5 65. Rxf7) 64... Rc7 $1 $17 65. Nxa7 Rxa7 {[%emt 0:00:02] KR-KR} 66. Kg3 f6 67. Re8 e5 68. Rb8 Ra4 69. Rc8 {[%emt 0:00:11] [#]} Re4 $1 70. Rc3 {[%emt 0:00:02] [#]} Kh6 (70... f5 $142 $1 {[%cal Oe4e3] And now ...Rxe3+! would win.} 71. Rc6 Rxe3+ 72. Kf2 Re4) 71. Ra3 $2 (71. Rc8 $17 Kxh5 72. Rh8+ Kg6 73. h5+ Kg5 74. Kf3) 71... Kxh5 $19 {[%emt 0:00:02] Black is clearly winning.} 72. Ra7 Rg4+ 73. Kf2 Kxh4 {[%emt 0:00:03] Weighted Error Value: White=0.06 (flawless) /Black=0.05 (flawless)} 0-1

[Event "CEZ Chess Trophy 2022"]
[Site "Prague"]
[Date "2022.06.02"]
[Round "9.1"]
[White "Navara, David"]
[Black "Narayanan.S.L"]
[Result "1/2-1/2"]
[ECO "A34"]
[WhiteElo "2682"]
[BlackElo "2662"]
[Annotator "TA"]
[PlyCount "95"]
[EventDate "2022.05.31"]
[EventType "match"]
[EventCountry "CZE"]
[SourceTitle "playchess.com"]
[Source "ChessBase"]
[SourceQuality "1"]
[TimeControl "900+10"]

1. Nf3 Nf6 2. c4 c5 3. Nc3 Nc6 4. e4 e6 5. Be2 b6 6. O-O {[%emt 0:01:42] A34: Symmetrical English: 2 Nc3, lines with ...d5.} Bb7 7. d4 cxd4 8. Nxd4 Be7 {[%emt 0:01:27] [#]} 9. Bf4 $146 ({Predecessor:} 9. Ndb5 Qb8 10. Be3 O-O 11. f4 d6 12. Bf3 Rd8 13. Qe2 Nd7 14. Rad1 a6 15. Nd4 {0-1 (38) Baeta,M (1895)-Brito,L (2244) Sao Paulo 2019}) 9... Nxd4 10. Qxd4 d6 {[%emt 0:00:02] [#] White must now prevent ...e5.} 11. Qd3 {[%emt 0:00:33] 0x0.001e603ce953dp-1022s more active pieces. The black rooks are badly placed.} O-O 12. Rfd1 Qc8 13. Qe3 Rd8 14. Rd2 Qc5 15. Qxc5 (15. Qf3 {feels hotter.} a6 16. Re1 b5 17. cxb5 axb5 18. Bxb5 d5 19. exd5 Bxd5 20. Nxd5 Nxd5 21. a4) 15... dxc5 16. Rad1 {[%emt 0:00:04] [#] And now e5 would win.} Rxd2 (16... Nxe4 $2 17. Rd7 $18) (16... Bxe4 {seems wilder.} 17. Nxe4 Nxe4 18. Rd7 Kf8) 17. Rxd2 {[%emt 0:00:02] aiming for e5.} Bc6 (17... Nxe4 $2 18. Rd7 $18) 18. e5 Ne8 19. Bd3 Rd8 20. Be4 Rxd2 21. Bxd2 Bxe4 22. Nxe4 $11 {[%emt 0:00:02][%mdl 4096] Endgame KBN-KBN} f5 23. exf6 gxf6 {[%emt 0:00:03] The position is equal.} 24. g4 f5 25. gxf5 exf5 26. Ng3 Nd6 27. b3 Kf7 28. Bf4 Ke6 29. Kg2 a6 30. a4 Nb7 31. Bd2 Bf6 32. Ne2 Be5 33. h4 Nd8 34. Kf3 Nc6 35. h5 Bd6 36. Nf4+ Kf7 37. Bc3 Be5 38. Bxe5 Nxe5+ {[%emt 0:00:02] KN-KN} 39. Kg3 Nd7 40. Kh4 {[%emt 0:00:24] Strongly threatening Kg5.} h6 41. Nd5 Ke6 42. Kg3 Ke5 43. Kf3 b5 44. Ke3 bxc4 45. bxc4 Nf6 46. f4+ Ke6 47. Nxf6 Kxf6 48. a5 {[%emt 0:00:01] Weighted Error Value: White=0.03 (flawless) /Black=0.03 (flawless)} 1/2-1/2